AoeStats
← 十年老兵

Nomad

509571329Analyzed
2v2 RM · 6d ago on Sep 27, 2026· 51m 4s· 4 players
Game mode
Random Map
Map size
176×176
Population
200
Speed
Normal
Resources
Standard
Victory
Conquest
Starting age
Dark Age
Ending age
Imperial Age
RankedLock teamsTeams togetherTeam positionsShared explorationLock speedFull tech treeHidden civsTurbo modeCheats
Victory
Defeat
🇪🇸 Vietnamese · Spain
945
+14
935
+15
🇩🇪 Turks · Germany
934
-15
🇨🇳 Mongols · China
888
-14
十年老兵
10:04 Loom
13:53 Feudal Age
19:35 Castle Age
19:21 Gold Mining
19:24 Stone Mining
20:26 Double-Bit Axe
31:04 Horse Collar
35:03 Imperial Age
33:12 Bloodlines
34:05 Gold Mining
35:19 Husbandry
39:21 Cavalier
44:09 Wheelbarrow
44:18 Wheelbarrow
dideaflorinfor93
8:45 Loom
9:15 Loom
12:44 Feudal Age
16:20 Fishing Lines
16:20 Man-at-Arms
17:53 Double-Bit Axe
23:00 Castle Age
22:30 Stone Mining
23:06 Forging
23:14 Long Swordsman
28:14 Iron Casting
30:36 Scale Barding Armor
37:49 Wheelbarrow
42:05 Imperial Age
41:07 Gold Mining
43:48 Horse Collar
45:15 Husbandry
44:53 Cavalier
45:32 Elite Cannon Galleon
47:34 Hand Cart
48:38 Squires
48:23 Arson
Requejo
14:32 Feudal Age
15:46 Double-Bit Axe
17:32 Fishing Lines
20:01 Castle Age
19:28 Fletching
20:24 Elite Skirmisher
21:08 Squires
21:38 Bow Saw
22:13 Gold Mining
22:14 Stone Mining
24:12 Bodkin Arrow
24:18 Padded Archer Armor
24:29 Forging
24:22 Scale Mail Armor
27:02 Wheelbarrow
26:15 Town Watch
27:03 Arson
28:51 Town Patrol
30:46 Leather Archer Armor
31:43 Hand Cart
32:45 Gillnets
33:26 Demolition Ship
34:41 Medium Warships
38:26 Imperial Age
37:53 Iron Casting
37:34 Chain Mail Armor
39:25 Ballistics
38:34 Elite Fire Lancer
41:02 Imperial Skirmisher
45:20 Chemistry
48:02 Ring Archer Armor
47:33 Bracer
48:04 Plate Mail Armor
48:56 Scale Barding Armor
49:39 Bloodlines
49:30 Husbandry
48:52 Cavalier
EL PRÍNCIPE DE LA PAXARADA
8:09 Loom
14:36 Feudal Age
15:08 Double-Bit Axe
15:08 Horse Collar
16:32 Man-at-Arms
21:56 Castle Age
22:52 Stone Mining
22:52 Gold Mining
23:23 Bow Saw
24:47 Gold Shaft Mining
30:43 Thumb Ring
46:17 Scale Barding Armor
47:02 Heavy Plow
Connection lost

Rejoining the realm…

Still unreachable

The connection could not be restored.

Session expired

The server has moved on; the page needs a fresh start.